 Dungeon Crawl Stone Soup version 0.29.0-5-ge4962eb29e (webtiles) character file.

Game seed: 12496599278755398898

5100 sanka the Nimble (level 10, -2/71 HPs)
             Began as a Merfolk Air Elementalist on Aug 28, 2022.
             Was a High Priest of Okawaru.
             Slain by an orc warrior
             ... wielding a +0 halberd
              (32 damage)
             ... in a bailey.
             The game lasted 00:23:23 (9889 turns).

sanka the Nimble (Merfolk Air Elementalist)         Turns: 9889, Time: 00:23:23

Health: -2/71      AC: 11    Str:  9    XL:     10   Next: 57%
Magic:  13/13      EV: 26    Int: 22    God:    Okawaru [*****.]
Gold:   401        SH:  0    Dex: 17    Spells: 10/13 levels left

rFire   . . .      SeeInvis .   b - +0 spear (venom)
rCold   . . .      Faith    .   (no shield)
rNeg    . . .      Spirit   .   P - +2 robe {Archmagi}
rPois   .          Reflect  .   (no helmet)
rElec   .          Harm     .   (no cloak)
rCorr   .          Rampage  .   g - +2 pair of gloves
Will    .....      Archmagi +   (boots currently unavailable)
Stlth   +++.......              k - amulet of magic regeneration
HPRegen 0.21/turn               D - +6 ring of intelligence
MPRegen 0.53/turn               t - +4 ring of protection

@: very quick
A: nimble swimmer 2, mertail
a: Renounce Religion, Heroism, Finesse, Duel


You were in a bailey.
You worshipped Okawaru.
Okawaru was extremely pleased with you.
You visited 2 branches of the dungeon, and saw 9 of its levels.
You also visited: Sewer and Bailey.

You collected 401 gold pieces.


Innate Abilities, Weirdness & Mutations

You are very nimble when in or above water. (Stealth+, EV+, Speed+++)
Your lower body shifts to a powerful aquatic tail in water.


   Skills:
 - Level 4.0 Fighting
 - Level 9.0 Long Blades
 + Level 14.8 Dodging
 - Level 2.1 Stealth
 - Level 2.0 Spellcasting
 - Level 3.0 Conjurations
 - Level 3.0 Air Magic
 - Level 4.0 Invocations


You had 10 spell levels left.
You knew the following spells:

 Your Spells              Type           Power      Damage    Failure   Level
z - Shock                 Conj/Air       92%        1d8       4%          1
Z - Static Discharge      Conj/Air       23%        3-6/arc   6%          2

Your spell library contained the following spells:

 Spells                   Type           Power      Damage    Failure   Level
 Swiftness                Air            23%        N/A       12%         3
 Beastly Appendage        Tmut           6%         N/A       14%         1
 Slow                     Hex            12%        N/A       14%         1
 Sublimation of Blood     Necr           3%         N/A       21%         2
 Wereblood                Tmut           3%         N/A       21%         2
 Airstrike                Air            11%        2d(2-18)  36%         4
 Confusing Touch          Hex            3%         N/A       38%         3
 Spider Form              Tmut/Pois      3%         N/A       38%         3
 Vampiric Draining        Necr           3%         2d6       38%         3
 Chain Lightning          Conj/Air       11%        3d15      100%        9
 Fire Storm               Conj/Fire      6%         8d2       100%        9
 Shatter                  Erth           1%         3d6*      100%        9
 Summon Hydra             Summ           Unusable   N/A       N/A         7

Inventory:

Hand Weapons
 a - a +1 long sword of protection
 b - a +0 spear of venom (weapon)
 C - a +1 dagger of venom
Missiles
 i - a throwing net {=f}
 K - 2 curare-tipped darts {=f}
Armour
 g - a +2 pair of gloves (worn)
 P - a +2 robe of the Archmagi (worn)
Jewellery
 k - an amulet of magic regeneration (around neck)
 t - a +4 ring of protection (right hand)
 D - a +6 ring of intelligence (left hand)
 F - a ring of willpower
Wands
 A - a wand of polymorph (12)
 E - a wand of iceblast (7)
 J - a wand of flame (13)
 M - a wand of paralysis (6)
 N - a wand of digging (6)
 O - a wand of quicksilver (8)
Scrolls
 d - 4 scrolls of teleportation {@r4}
 l - 2 scrolls of noise {unknown}
 q - 3 scrolls of enchant weapon
 s - 2 scrolls of magic mapping {unknown}
 v - a scroll of enchant armour
 w - a scroll of immolation {unknown}
 y - 2 scrolls of identify {unknown}
 G - a scroll of blinking {unknown}
 H - 3 scrolls of brand weapon
Potions
 c - a potion of mutation {unknown}
 h - 4 potions of curing {unknown}
 j - 3 potions of haste {@q3}
 m - a potion of lignification {unknown}
 o - a potion of berserk rage {unknown}
 p - 5 potions of might {unknown}
 r - a potion of flight {unknown}
 u - a potion of brilliance {unknown}
 x - 2 potions of magic
 z - 2 potions of cancellation {unknown}
 B - a potion of attraction {unknown}
 I - a potion of heal wounds {unknown}
 L - 2 potions of degeneration {unknown}

Dungeon Overview and Level Annotations

Branches:
Dungeon (8/15)             Temple (1/1) D:4            Lair (0/5) D:8
  Sewer (visited)          Bailey (1/1)

Altars:
Ashenzari
Cheibriados
Dithmenos
Elyvilon
Fedhas
Gozag
Hepliaklqana
Kikubaaqudgha
Makhleb
Nemelex Xobeh
Okawaru
Qazlal
Trog
Uskayaw
Wu Jian
Xom
Zin
The Shining One

Annotations:
D:2 1 runed translucent door, Crazy Yiuf
D:4 2 transporters, p0werm0de's ghost, novice MiFi
D:6 2 transporters, Quercus's ghost, novice DENe
Temple 2 transporters

▒o ▒. ▒o.
▒..▒▒▒▒▒▒▒▒.
▒▒...8....8..
▒....o.......
▒♣♣♣♣▒£.▒▒▒▒''▒▒▒▒
▒≈≈o.▒▒▒▒........▒
▒m≈≈..............
▒≈≈≈≈.)..........♣
▒≈≈≈≈≈≈.).▒....▒).
▒≈≈≈≈≈≈≈≈≈▒....▒≈≈
▒♣♣≈≈≈≈≈≈≈▒....▒≈≈
♣o≈≈≈≈≈≈▒....▒≈≈
♣...≈≈≈≈▒....▒≈≈
♣♣......▒....▒..
♣♣....o).......


You could see an orc knight and an orc warrior (strong).


Message History

The orc warrior looks as sick as possible!
The orc warrior is moderately wounded.
The orc warrior hits you from afar with a +0 glaive!
The orc warrior hits you from afar with a +0 halberd!
* * * LOW HITPOINT WARNING * * *
An orc knight comes into view. It is wielding a +0 halberd.
You kill the orc warrior!
Okawaru accepts your kill. The orc warrior completely misses you.
The orc warrior misses you. The orc warrior completely misses you.
The orc warrior completely misses you.
The orc warrior hits you but does no damage.
The orc warrior hits you from afar with a +0 halberd.
* * * LOW HITPOINT WARNING * * *
The orc warrior barely misses you. The orc warrior barely misses you.
The orc warrior completely misses you. The orc warrior misses you.
The orc warrior barely misses you.
The orc knight shouts!
The orc warrior misses you. The orc warrior closely misses you.
The orc knight roars a battlecry!
The orc warrior goes into a battle-frenzy!
The orc warrior barely misses you. The orc warrior misses you.
The orc warrior completely misses you.
The orc warrior hits you from afar with a +0 halberd!!
You die...

Action                   |  1- 3 |  4- 6 |  7- 9 | 10-12 || total
-------------------------+-------+-------+-------+-------++-------
Melee: Unarmed           |    17 |     9 |       |       ||    26
       Tailslap          |     3 |       |    12 |       ||    15
       Short sword       |    18 |       |       |       ||    18
       Dagger            |     4 |       |       |       ||     4
       Punch             |     1 |       |     4 |     2 ||     7
       Long sword        |       |    49 |   270 |    80 ||   399
       Spear             |       |       |       |    29 ||    29
 Cast: Shock             |    99 |    64 |   160 |    13 ||   336
       Static Discharge  |       |     9 |    36 |     7 ||    52
Invok: Heroism           |       |       |     5 |     4 ||     9
  Use: Potion            |       |     1 |       |       ||     1
       Scroll            |       |     2 |       |     3 ||     5
 Stab: Sleeping          |       |     3 |       |     1 ||     4
       Confused          |       |     2 |       |       ||     2
       Distracted        |       |       |     1 |       ||     1
Armor: Robe              |    15 |    32 |    94 |    27 ||   168
       Skin              |       |     2 |       |       ||     2
Dodge: Dodged            |    51 |    60 |   353 |   141 ||   605

Levels and vault maps discovered:
D:1:      lordsloth_arrival_two_stooges, layout_rooms, dreamdust_wishing_well,
          st_stairs_14, serial_park_tiny_pond
D:2:      layout_rooms, serial_rivers, chequers_serial_rivers_micro_b,
          chequers_serial_rivers_micro_d, chequers_serial_rivers_micro_c,
          chequers_serial_rivers_small_3, chequers_serial_rivers_marsh,
          uniq_crazy_yiuf_cottage
D:3:      layout_loops_ring, old_standard_altar
D:4:      layout_gridville, minmay_temple_entry_statues_fountains,
          gammafunk_ghost_arena, uniq_blork_the_orc, uniq_natasha
D:5:      layout_cave_pools
D:6:      layout_cave_pools, kennysheep_mini_moat, portal_sewer_entry_a,
          gammafunk_ghost_smash, hex_medium, minmay_diced_spiral
D:7:      layout_loops_ring, grunt_decor_arrowhead, hangedman_minor_gate_pass
D:8:      layout_rooms, minmay_lair_entry_grove, enter_bailey_2, serial_shops,
          nicolae_shop_statue_plus
Temple:   hellmonk_temple_divided_pantheon
Bailey:   bailey_polearm_elven_captive_hellmonk, bailey

Notes
Turn   | Place    | Note
-------+----------+-------------------------------------------
     0 | D:1      | sanka the Merfolk Air Elementalist began the quest for the
                  | Orb.
     0 | D:1      | Reached XP level 1. HP: 13/13 MP: 3/3
   141 | D:1      | Reached skill level 1 in Conjurations
   581 | D:1      | Reached XP level 2. HP: 19/19 MP: 1/5
  1065 | D:1      | Reached skill level 2 in Conjurations
  1618 | D:2      | Reached XP level 3. HP: 6/24 MP: 0/6
  1858 | D:2      | Learned a level 2 spell: Static Discharge
  2296 | D:2      | Found a runed translucent door.
  2297 | D:2      | Noticed Crazy Yiuf
  2641 | D:3      | Reached XP level 4. HP: 28/30 MP: 4/7
  2986 | D:3      | Found a burning altar of Makhleb.
  3421 | D:4      | Reached skill level 3 in Air Magic
  3429 | D:4      | Reached skill level 3 in Conjurations
  3592 | D:4      | Found a transporter.
  3602 | D:4      | Found a staircase to the Ecumenical Temple.
  3611 | Temple   | Entered the Ecumenical Temple
  3611 | Temple   | Found a transporter.
  3611 | Temple   | Found a transporter.
  3710 | Temple   | Found a transporter.
  3710 | Temple   | Found a transporter.
  3732 | Temple   | Became a worshipper of Warmaster Okawaru
  3821 | D:4      | Found a transporter.
  3824 | D:4      | Noticed p0werm0de's ghost (novice MiFi)
  3827 | D:4      | Noticed a scorpion
  3827 | D:4      | Noticed a phantom
  3849 | D:3      | HP: 3/31 [poisoned by a goblin]
  3904 | D:3      | Killed a scorpion
  3905 | D:3      | Reached skill level 1 in Fighting
  3905 | D:3      | Reached skill level 3 in Dodging
  3905 | D:3      | Reached XP level 5. HP: 7/38 MP: 6/8
  4273 | D:4      | Reached skill level 2 in Fighting
  4273 | D:4      | Reached skill level 4 in Dodging
  4472 | D:4      | Noticed Natasha
  4476 | D:4      | Killed Natasha
  4477 | D:4      | Reached XP level 6. HP: 24/46 MP: 3/9
  4696 | D:4      | Noticed Blork the orc
  4721 | D:4      | Noticed Natasha
  4726 | D:4      | Killed Blork the orc
  4727 | D:4      | Reached skill level 3 in Fighting
  4727 | D:4      | Reached skill level 5 in Dodging
  4731 | D:4      | Killed Natasha
  5004 | D:4      | Reached * piety under Okawaru
  5157 | D:4      | Reached skill level 4 in Fighting
  5157 | D:4      | Reached skill level 6 in Dodging
  5157 | D:4      | Reached skill level 1 in Invocations
  5157 | D:4      | Reached XP level 7. HP: 43/54 MP: 2/10
  5312 | D:5      | Entered Level 5 of the Dungeon
  5375 | D:5      | Reached skill level 2 in Invocations
  5652 | D:5      | Reached ** piety under Okawaru
  5653 | D:5      | Reached skill level 7 in Dodging
  5653 | D:5      | Reached skill level 3 in Invocations
  5918 | D:5      | Reached XP level 8. HP: 58/60 MP: 7/11
  6022 | D:5      | Reached skill level 8 in Dodging
  6022 | D:5      | Reached skill level 4 in Invocations
  6022 | D:5      | Reached skill level 1 in Long Blades
  6336 | D:6      | Reached skill level 2 in Long Blades
  6359 | D:6      | Found a glowing drain.
  6404 | Sewer    | Entered a sewer
  6469 | Sewer    | Reached skill level 3 in Long Blades
  6558 | Sewer    | Reached skill level 4 in Long Blades
  6948 | Sewer    | Reached skill level 5 in Long Blades
  7181 | D:6      | Reached skill level 6 in Long Blades
  7231 | D:6      | Reached skill level 7 in Long Blades
  7236 | D:6      | Reached *** piety under Okawaru
  7237 | D:6      | Reached XP level 9. HP: 46/65 MP: 12/12
  7250 | D:6      | Reached skill level 8 in Long Blades
  7689 | D:6      | Found a transporter.
  7690 | D:6      | Identified the +11 dire flail "Viezekhlo" {venom, Int+2}
  7691 | D:6      | Found a transporter.
  7692 | D:6      | Noticed Quercus's ghost (novice DENe)
  7795 | D:6      | Found a white marble altar of Elyvilon.
  8012 | D:7      | Reached skill level 9 in Long Blades
  8175 | D:7      | Reached skill level 9 in Dodging
  8242 | D:7      | Reached **** piety under Okawaru
  8383 | D:7      | Reached skill level 10 in Dodging
  8429 | D:7      | Identified a +2 robe of the Archmagi
  8678 | D:7      | Reached skill level 11 in Dodging
  9092 | D:8      | Reached skill level 12 in Dodging
  9106 | D:8      | Reached XP level 10. HP: 27/71 MP: 6/13
  9138 | D:8      | Reached skill level 13 in Dodging
  9319 | D:8      | Reached ***** piety under Okawaru
  9320 | D:8      | Reached skill level 14 in Dodging
  9355 | D:8      | Found a staircase to the Lair.
  9369 | D:8      | Found a flagged portal.
  9389 | D:8      | Identified +0 steam dragon scales
  9568 | Bailey   | Entered a bailey
  9865 | Bailey   | Noticed an orc knight
  9889 | Bailey   | Slain by an orc warrior

Vanquished Creatures
  4 wyverns
  A basilisk (D:8)
  2 steam dragons
  2 water moccasins (D:8)
  4 orc warriors
  An ice beast (D:7)
  5 black bears
  An ogre (D:6)
  3 centaurs
  A wolf (D:8)
  3 phantoms
  Blork the orc (D:4)
  3 kobold brigands
  A necrophage (D:7)
  4 bullfrogs
  A gnoll sergeant (D:7)
  4 scorpions
  11 wights
  4 howler monkeys
  3 orc priests
  2 hounds (D:6)
  4 jellies
  Natasha (twice) (D:4)
  4 orc wizards
  9 adders
  3 gnolls (D:5)
  10 river rats
  A shadow imp (D:7)
  A white imp (D:5)
  2 dart slugs
  29 orcs
  7 endoplasms
  3 giant cockroaches
  8 hobgoblins
  24 kobolds
  A quokka (D:4)
  12 ball pythons
  9 bats
  A frilled lizard (Sewer)
  5 goblins
  23 rats
219 creatures vanquished.

Vanquished Creatures (others)
  2 fungi (D:8)
  14 plants (D:8)
16 creatures vanquished.

Grand Total: 235 creatures vanquished
